 Dungeon Crawl Stone Soup version 0.28.0-53-g5a82cb258f (webtiles) character file.

Game seed: 5681162314491055113

23 Hooloovoo the Ruffian (level 2, -1/23 HPs)
             Began as a Draconian Transmuter on June 19, 2022.
             Slain by a gnoll
             ... wielding a +0 flail
              (2 damage)
             ... on level 4 of the Dungeon.
             The game lasted 00:10:09 (705 turns).

Hooloovoo the Ruffian (Draconian Transmuter)         Turns: 705, Time: 00:10:10

Health: -1/23      AC:  4    Str: 12    XL:     2   Next: 72%
Magic:  5/5        EV: 16    Int: 13    God:
Gold:   15         SH:  0    Dex: 11    Spells: 4/5 levels left

rFire   . . .      SeeInvis .     - Unarmed
rCold   . . .      Faith    .   (no shield)
rNeg    . . .      Spirit   .   (armour unavailable)
rPois   .          Reflect  .   (helmet restricted)
rElec   .          Harm     .   (no cloak)
rCorr   .          Rampage  .   (no gloves)
Will    .....                   (no boots)
Stlth   +.........              (no amulet)
HPRegen 0.07/turn               c - +4 ring of evasion
MPRegen 0.09/turn               (no ring)

@: no status effects
A: AC +4, unfitting armour, cold-blooded
a: no special abilities


You were on level 4 of the Dungeon.
You visited 1 branch of the dungeon, and saw 4 of its levels.

You collected 15 gold pieces.

Inventory:

Hand Weapons
 d - a +0 quarterstaff
 e - a +0 whip
 f - a +0 dagger
Missiles
 b - 29 bolts
Jewellery
 c - a +4 ring of evasion (left hand)
Scrolls
 a - a scroll of brand weapon {unknown}
 g - 3 scrolls of immolation {unknown}


   Skills:
 + Level 1.1 Fighting
 + Level 2.1 Dodging
 + Level 3.5 Unarmed Combat
 + Level 2.0 Spellcasting
 + Level 2.2 Transmutations


You had 4 spell levels left.
You knew the following spells:

 Your Spells              Type           Power      Damage    Failure   Level
a - Beastly Appendage     Tmut           14%        N/A       11%         1

Your spell library contained the following spells:

 Spells                   Type           Power      Damage    Failure   Level
 Wereblood                Tmut           7%         N/A       16%         2
 Spider Form              Tmut/Pois      4%         N/A       43%         3
 Ice Form                 Ice/Tmut       4%         N/A       85%         4


Dungeon Overview and Level Annotations

Branches:
Dungeon (4/15)
 Temple: D:4-7

Altars:


Innate Abilities, Weirdness & Mutations

Your plain brown scales are hard. (AC +4)
You cannot fit into any form of body armour.
You are cold-blooded and may be slowed by cold attacks.


Message History

You closely miss the frilled lizard. The frilled lizard misses you.
You hit the frilled lizard but do no damage.
The frilled lizard barely misses you.
You barely miss the frilled lizard.
Your headbutt misses the frilled lizard.
The frilled lizard bites you but does no damage.
You hit the frilled lizard.
You kill the frilled lizard!
Your horns disappear.
Your talons disappear.
There is an open door here.
The giant cockroach bites you.
You hit the giant cockroach.
The giant cockroach is heavily wounded.
The giant cockroach bites you.
You hit the giant cockroach.
The giant cockroach is almost dead.
The giant cockroach bites you.
You barely miss the giant cockroach.
The giant cockroach is almost dead.
The giant cockroach barely misses you.
You barely miss the giant cockroach.
The giant cockroach is almost dead.
The giant cockroach misses you.
You closely miss the giant cockroach.
Your tail-slap misses the giant cockroach.
The giant cockroach is almost dead.
The giant cockroach bites you but does no damage.
You barely miss the giant cockroach.
The giant cockroach is almost dead.
The giant cockroach barely misses you.
You barely miss the giant cockroach.
The giant cockroach is almost dead.
The giant cockroach barely misses you.
You hit the giant cockroach.
You kill the giant cockroach!
There is a stone staircase leading down here.
You climb downwards.
The gnoll hits you with a +0 flail! x2
* * * LOW HITPOINT WARNING * * *
The gnoll closely misses you. The gnoll hits you with a +0 flail.
You die...

#.... ..."#
#....##...
#...##..##
##+##...##...#
+............#
#............#
#...........#
#..........@##
#..........gg#
#..........$...#
#.......######....
+.....### ###..
#...### # ####..#
.. #....##♣...
#....# ....


You could see 2 gnolls.

Vanquished Creatures
  A gnoll (D:3)
  An ufetubus (D:3)
  A ball python (D:2)
  A giant cockroach (D:3)
  2 bats (D:2)
  A frilled lizard (D:3)
  2 kobolds (D:2)
  A rat (D:1)
10 creatures vanquished.

Vanquished Creatures (others)
  4 plants (D:3)
4 creatures vanquished.

Grand Total: 14 creatures vanquished

Notes
Turn   | Place    | Note
-------+----------+-------------------------------------------
     0 | D:1      | Hooloovoo the Draconian Transmuter began the quest for the
                  | Orb.
     0 | D:1      | Reached XP level 1. HP: 16/16 MP: 3/3
    26 | D:1      | You fall into a shaft and drop 1 floor!
   294 | D:3      | Reached XP level 2. HP: 19/23 MP: 5/5
   312 | D:3      | Noticed an ogre
   356 | D:3      | HP: 1/23 [ufetubus (1)]
   705 | D:4      | HP: 1/23 [gnoll/+0 flail (10)]
   705 | D:4      | Slain by a gnoll

Illustrated notes

Levels and vault maps discovered:
D:1:      eino_arrival_tree_alley, layout_basic, serial_shops,
          nicolae_diamond_shop, shapermc_ecumenical_altar_mp_urbaneastern
D:2:      layout_basic, minmay_door_square
D:3:      layout_basic, serial_bayou, serial_bayou_pond_e, serial_bayou_pond_e,
          serial_bayou_shore_a, serial_bayou_pond_d, serial_bayou_pond_e,
          serial_bayou_pond_c, serial_shops, nicolae_lakefront_shop
D:4:      layout_gridville, kennysheep_ying_yang, serial_shops, shop_fountains,
          uniq_blork_the_orc

Skill      XL: |  1  2 |
---------------+-------+-----
Dodging        | 2 |  2.1
Fighting       | |  1.1
Unarmed Combat | |  3.5
Spellcasting   | |  2.0
Transmutations | |  2.2

Action                   || total
-------------------------++-------
Melee: Unarmed           ||    58
       Tailslap          ||     2
       Punch             ||     1
 Cast: Beastly Appendage ||     1
 Stab: Sleeping          ||     1
Armor: Skin              ||    25
Dodge: Dodged            ||   102
